Map: [ESL] Crimson Court

Players

Cham - Winner!

  • Race: Zerg Zerg
  • Spawn Location: 1:00

DisK

  • Race: Protoss Protoss
  • Spawn Location: 7:00

Event: ESL SC2 Masters 2024 Spring (Regional)

VOD

Have the link to the VOD?

Description

Time

  • Played on: May 3, 2024, 1:47 p.m.
  • Length: 13:40

All games in this series

Show
View Real Time Build Order
Export as new Build Order

Cham Zerg - Winner!

Build Orders: Hatch First, Swarm Host 

Get SALT Encoding   

  12  0:00  Drone  
  13  0:12  Overlord  
  13  0:16  Drone  
  14  0:41  Hatchery  
  13  0:44  Drone  
  14  0:50  Drone  
  14  0:54  Drone  
  16  0:59  Drone  
  17  1:06  Drone  
  18  1:16  Spawning Pool  
  17  1:21  Drone, Extractor  
  17  1:28  Drone  
  18  1:38  Drone  
  19  1:49  Drone  
  22  2:01  Drone x2  
  22  2:03  Queen x2  
  22  2:07  Drone  
  27  2:09  Overlord  
  27  2:15  Drone  
  28  2:22  Metabolic Boost  
  28  2:28  Zergling x4  
  30  2:42  Drone x2  
  32  2:46  Queen  
  32  2:47  Hatchery  
  33  2:53  Overlord  
  33  2:58  Queen  
  34  3:08  Drone x2  
  34  3:10  Overlord, Drone  
  36  3:19  Overlord  
  36  3:30  Drone x6  
  36  3:33  Queen  
  44  3:38  Queen  
  46  3:42  Overlord  
  46  3:46  Drone  
  46  3:47  Drone  
  48  3:51  Drone x3  
  48  3:55  Drone  
  51  4:06  Drone x5  
  51  4:07  Drone  
  54  4:13  Spore Crawler  
  54  4:14  Spore Crawler, Drone  
  53  4:19  Drone x4  
  53  4:22  Zergling x4  
  60  4:24  Zergling x2  
  60  4:26  Drone  
  61  4:36  Overlord, Spore Crawler  
  61  4:37  Zergling x2, Drone  
  62  4:43  Drone x2  
  62  4:45  Roach Warren  
  63  4:49  Lair  
  63  4:51  Drone, Extractor  
  63  4:52  Drone x3  
  66  4:54  Overlord  
  66  4:58  Drone x2  
  68  5:01  Drone x3  
  71  5:07  Extractor x2  
  71  5:08  Evolution Chamber, Overlord  
  71  5:10  Drone x3  
  71  5:13  Drone  
  72  5:17  Overlord, Drone  
  72  5:18  Drone  
  74  5:24  Extractor  
  74  5:25  Extractor  
  74  5:26  Drone  
  73  5:29  Drone  
  73  5:30  Drone x3  
  73  5:35  Zerg Missile Weapons Level 1  
  77  5:36  Roach x4  
  77  5:37  Roach  
  77  5:40  Roach  
  77  5:42  Roach  
  89  5:43  Zergling x2  
  89  5:44  Zergling x2, Drone  
  92  5:53  Roach x2  
  96  5:59  Roach x2  
  96  6:01  Roach x2  
  96  6:03  Roach, Zergling x2  
  97  6:10  Roach x2  
  97  6:17  Roach  
  97  6:18  Zergling x2, Overlord x2  
  97  6:22  Glial Reconstitution  
  93  6:26  Drone  
  93  6:27  Drone x2  
  93  6:29  Infestation Pit  
  95  6:36  Drone  
  95  6:37  Drone x5  
  95  6:38  Drone  
  102  6:43  Drone  
  102  6:44  Drone  
  104  6:50  Overlord  
  104  6:56  Drone  
  104  7:06  Swarm Host x3  
  113  7:08  Overlord x3  
  113  7:10  Swarm Host x3  
  122  7:16  Overlord x2  
  122  7:26  Swarm Host x5  
  137  7:31  Swarm Host  
  139  7:38  Roach x4, Zergling x6  
  150  7:49  Zergling x4, Hatchery  
  150  7:50  Zergling x2  
  152  7:54  Ravager  
  152  7:57  Ravager  
  152  7:58  Overlord  
  154  7:59  Zergling x8  
  154  8:02  Ravager  
  154  8:04  Zergling x4  
  161  8:06  Overlord x4  
  161  8:10  Zergling x2  
  160  8:14  Overlord  
  160  8:20  Ravager x2  
  160  8:22  Roach x2  
  160  8:23  Ravager x2  
  160  8:27  Zergling x8  
  167  8:34  Roach x4  
  167  8:35  Roach x3  
  167  8:40  Roach x2  
  181  8:43  Roach  
  179  8:54  Queen x3  
  174  8:55  Roach Warren  
  174  9:01  Zergling x8  
  174  9:02  Zergling x16  
  173  9:07  Zergling x2  
  155  9:17  Zergling x6  
  149  9:25  Zergling x4  
  149  9:27  Zergling x8  
  155  9:35  Queen x3  
  155  9:37  Roach x2  
  155  9:38  Ravager x2, Hatchery  
  164  9:39  Ravager x2  
  164  9:41  Roach  
  172  9:45  Roach  
  168  9:55  Roach x6  
  178  10:09  Roach x4, Zergling x4  
  178  10:11  Zergling x8  
  190  10:15  Zergling x2  
  190  10:20  Hive  
  190  10:21  Evolution Chamber  
  188  10:27  Roach x4  
  188  10:28  Zergling x2  
  189  10:35  Roach x2, Zergling x2  
  185  10:50  Roach x2, Zergling x2  
  185  10:56  Roach x2, Zergling x4  
  185  10:57  Zergling x6  
  185  11:06  Roach x5, Zergling x2, Hydralisk Den  
  185  11:07  Zergling x2  
  192  11:12  Roach x2, Zergling x4  
  192  11:17  Ravager x5  
  199  11:21  Ravager x2  
  185  11:34  Roach x7  
  189  11:47  Roach x6  
  195  11:57  Roach  
  195  11:58  Roach x8  
  181  12:06  Roach x2  
  137  12:15  Roach, Zergling x2  
  93  12:23  Zergling x4  
  91  12:33  Roach x4  
  91  12:34  Roach x2  
  94  12:40  Ravager  
  94  12:41  Ravager x5  
  100  12:45  Ravager  
  100  12:46  Ravager  
  100  12:49  Zergling x2  
  100  12:50  Zergling x2, Ravager x2  
  106  12:56  Ravager x2  
  101  12:59  Roach x2  
  101  13:04  Zergling x6  
  108  13:09  Roach  
  108  13:10  Zergling x2  
  110  13:15  Ravager  
  110  13:19  Zergling x2  
  109  13:20  Zergling x2  
Show
View Real Time Build Order
Export as new Build Order

DisK Protoss 

Build Orders: 1 Gate Expand, Oracle Opening 

Get SALT Encoding   

  12  0:00  Probe  
  13  0:12  Probe  
  14  0:19  Pylon  
  14  0:24  Probe  
  15  0:37  Probe (Chrono Boost)  
  15  0:39  Gateway  
  16  0:46  Assimilator, Probe (Chrono Boost)  
  17  0:51  Probe (Chrono Boost)  
  18  1:03  Probe  
  19  1:15  Probe  
  20  1:23  Nexus  
  20  1:33  Cybernetics Core  
  20  1:36  Probe  
  21  1:41  Assimilator  
  21  1:48  Probe  
  21  1:52  Pylon  
  22  2:00  Probe (Chrono Boost)  
  23  2:07  Adept (Chrono Boost)  
  23  2:09  Warp Gate  
  23  2:12  Probe (Chrono Boost)  
  26  2:17  Probe (Chrono Boost)  
  27  2:25  Stargate  
  27  2:29  Probe  
  28  2:31  Stalker (Chrono Boost)  
  30  2:37  Probe  
  30  2:41  Probe  
  32  2:49  Probe  
  33  2:53  Probe  
  34  3:01  Probe  
  36  3:05  Probe  
  36  3:08  Oracle (Chrono Boost)  
  39  3:13  Probe  
  39  3:17  Probe  
  39  3:19  Gateway  
  41  3:24  Twilight Council  
  41  3:26  Probe  
  42  3:29  Pylon, Probe  
  43  3:38  Probe  
  44  3:44  Twilight Council  
  44  3:47  Probe  
  45  3:50  Probe  
  45  3:53  Oracle  
  45  3:54  Nexus  
  49  3:57  Pylon  
  49  3:59  Probe  
  50  4:03  Probe  
  50  4:09  Assimilator  
  51  4:13  Resonating Glaives (Chrono Boost)  
  51  4:14  Gateway x2  
  51  4:18  Probe x2  
  53  4:27  Adept x2  
  57  4:33  Pylon  
  57  4:36  Probe x2  
  59  4:40  Assimilator  
  59  4:47  Adept  
  59  4:50  Pylon, Probe  
  59  4:51  Adept  
  64  4:57  Probe  
  65  5:02  Probe  
  65  5:03  Pylon  
  66  5:08  Robotics Facility, Adept x2  
  66  5:09  Probe  
  66  5:11  Adept  
  73  5:14  Adept  
  73  5:18  Probe x2  
  77  5:22  Probe  
  78  5:30  Adept x2  
  78  5:31  Adept  
  78  5:32  Probe x2  
  86  5:42  Adept  
  87  5:43  Shield Battery  
  87  5:44  Probe (Chrono Boost)  
  87  5:46  Probe (Chrono Boost)  
  90  5:50  Probe (Chrono Boost)  
  90  5:54  Probe (Chrono Boost)  
  92  5:58  Probe (Chrono Boost)  
  88  6:06  Immortal  
  88  6:09  Probe  
  91  6:15  Probe x2  
  95  6:20  Sentry x3  
  95  6:21  Shield Battery  
  95  6:23  Probe  
  98  6:27  Probe x2  
  98  6:30  Assimilator  
  98  6:31  Gateway  
  98  6:32  Gateway  
  100  6:34  Assimilator  
  100  6:35  Probe  
  100  6:36  Pylon  
  100  6:37  Pylon  
  100  6:39  Probe x2  
  101  6:41  Blink (Chrono Boost)  
  101  6:43  Pylon x2  
  101  6:49  Probe  
  101  6:51  Probe  
  101  6:53  Immortal (Chrono Boost)  
  103  6:54  Pylon  
  103  7:01  Gateway  
  103  7:02  Gateway  
  103  7:04  Sentry x3, Stalker, Gateway  
  103  7:05  Gateway  
  111  7:17  Forge  
  111  7:19  Pylon  
  111  7:21  Pylon  
  111  7:29  Stalker x6  
  123  7:33  Immortal (Chrono Boost)  
  127  7:40  Pylon  
  127  7:44  Pylon  
  127  7:56  Stalker x5  
  137  8:01  Observer (Chrono Boost)  
  137  8:02  Stalker x2  
  142  8:11  Stalker x3  
  148  8:15  Pylon  
  140  8:41  Stalker x8  
  148  8:56  Nexus  
  133  9:19  Pylon  
  133  9:21  Pylon  
  131  9:38  Stalker x5  
  139  9:40  Stalker x4  
  147  10:13  Stalker x3  
  147  10:14  Stalker x7  
  155  10:37  Pylon  
  155  10:38  Stalker x5  
  155  10:41  Shield Battery  
  159  10:50  Zealot x3  
  159  10:53  Adept  
  159  10:57  Adept  
  159  11:03  Adept x4  
  147  11:06  Adept  
  147  11:10  Adept x3  
  147  11:17  Probe x3  
  124  12:07  Stalker x6  
  100  12:20  Observer  
  74  12:27  Stalker x3  
  73  12:34  Observer  
  68  12:43  Stalker x2  
  68  12:44  Stalker  
  74  12:47  Observer  
  74  12:57  Stalker x2  
  78  13:16  Stalker x2  
  80  13:26  Stalker  
Tags
 
Add a new tag
Caveats
  • Supply blocks, unpowered buildings, or Contaminate may cause inaccurate times.
  • Supply counts are checked every 10 seconds.